Map: 월드 오브 슬리퍼스 - 래더

Players

INnoVation

  • Race: Terran Terran
  • League: Grandmaster
  • Spawn Location: 1:00

IntoTheZoun (Zoun) - Winner!

  • Race: Protoss Protoss
  • League: Master
  • Spawn Location: 7:00

VOD

Have the link to the VOD?

Description

Time

  • Played on: Jan. 8, 2020, 6:02 a.m.
  • Length: 14:57
Show
View Real Time Build Order
Export as new Build Order

INnoVation Terran 

Build Orders: Reaper Expand 

Get SALT Encoding   

  12  0:00  SCV  
  13  0:12  SCV  
  14  0:17  Supply Depot  
  14  0:24  SCV  
  15  0:38  SCV  
  15  0:39  Barracks  
  16  0:43  Refinery  
  16  0:50  SCV  
  17  1:02  SCV  
  18  1:14  SCV  
  19  1:27  Orbital Command  
  19  1:29  Reaper  
  20  1:42  Command Center  
  20  1:51  Supply Depot  
  21  1:54  SCV  
  21  2:01  Marine  
  22  2:06  SCV  
  23  2:10  Factory  
  23  2:17  Refinery  
  23  2:19  SCV  
  24  2:23  Barracks Reactor  
  24  2:28  Bunker  
  24  2:31  SCV  
  25  2:43  SCV  
  26  2:55  SCV, Orbital Command  
  26  2:56  Starport  
  27  2:59  Widow Mine  
  27  3:01  Marine  
  30  3:07  Marine, SCV  
  32  3:19  SCV  
  33  3:20  SCV  
  33  3:22  Marine  
  33  3:24  Widow Mine  
  33  3:25  Marine  
  38  3:32  Medivac  
  38  3:33  Supply Depot  
  38  3:34  SCV x2  
  41  3:40  Marine  
  42  3:42  Marine  
  42  3:45  Widow Mine  
  42  3:46  SCV, Supply Depot  
  46  3:54  SCV  
  47  3:58  Marine, SCV  
  47  4:00  Marine  
  47  4:02  Starport Tech Lab  
  50  4:06  SCV, Factory Tech Lab  
  51  4:10  SCV  
  51  4:13  Supply Depot  
  52  4:18  SCV  
  52  4:20  Marine  
  52  4:21  Raven  
  52  4:22  SCV  
  57  4:25  Command Center  
  57  4:31  SCV  
  57  4:35  Supply Depot  
  57  4:36  Siege Tank  
  61  4:38  Marine x2  
  61  4:44  SCV  
  61  4:45  SCV  
  65  4:47  Barracks  
  65  4:49  Refinery  
  65  4:51  Refinery  
  65  4:56  SCV  
  65  4:57  SCV  
  67  5:00  Marine x2  
  67  5:03  Barracks  
  69  5:10  SCV x2, Engineering Bay x2  
  71  5:19  Starport Reactor  
  71  5:22  SCV x2  
  71  5:26  Factory Tech Lab  
  73  5:34  SCV x2  
  73  5:35  Marine  
  73  5:36  Stimpack  
  73  5:37  Terran Infantry Weapons Level 1, Terran Infantry Armor Level 1  
  73  5:40  Missile Turret, Orbital Command  
  70  5:46  SCV x2  
  71  5:51  Missile Turret, Siege Tank  
  74  5:57  Barracks  
  74  6:01  SCV x2  
  74  6:02  Barracks  
  76  6:04  Combat Shield  
  76  6:09  Marine x3  
  76  6:10  Marine  
  80  6:15  Supply Depot  
  80  6:16  Medivac  
  80  6:17  Medivac  
  84  6:20  SCV x2  
  86  6:27  Siege Tank  
  86  6:32  Marauder x2  
  93  6:36  Marine x2  
  93  6:37  SCV x2  
  93  6:39  Supply Depot  
  97  6:40  Supply Depot  
  97  6:44  Orbital Command  
  97  6:45  Missile Turret  
  97  6:48  Barracks Tech Lab  
  97  6:49  SCV x2, Barracks Reactor  
  97  6:57  Marine x2, Marauder  
  97  7:00  Siege Tank  
  97  7:01  SCV x2, Marauder  
  108  7:06  Concussive Shells, Missile Turret  
  108  7:11  SCV  
  108  7:13  SCV x2  
  108  7:15  Marauder  
  113  7:16  Supply Depot  
  113  7:17  Marine, Supply Depot  
  113  7:18  Marine  
  113  7:19  Marauder  
  116  7:25  Missile Turret  
  116  7:27  Supply Depot  
  116  7:29  Marauder  
  117  7:37  Marine x3, Siege Tank  
  117  7:38  Marine, Marauder  
  117  7:40  Marauder  
  117  7:42  Supply Depot  
  117  7:44  Supply Depot  
  127  7:45  SCV x3  
  129  7:51  Armory  
  131  7:58  Marauder  
  131  7:59  Marine x3, Marauder  
  131  8:00  Marine  
  131  8:01  Marauder  
  138  8:06  Missile Turret x2  
  138  8:12  SCV x3, Refinery  
  141  8:13  Refinery  
  141  8:15  Siege Tank  
  144  8:23  Marauder  
  144  8:25  Marauder  
  144  8:26  Supply Depot x2  
  150  8:27  Marauder  
  150  8:33  Marine x2  
  150  8:34  Marine x2  
  153  8:37  Medivac  
  153  8:38  Medivac  
  157  8:41  Terran Infantry Weapons Level 2  
  157  8:44  Terran Infantry Armor Level 2  
  157  8:51  Command Center  
  157  8:53  Siege Tank  
  159  8:58  Marine x2, Marauder  
  159  8:59  Marine x2, Marauder x2  
  169  9:04  Supply Depot x2  
  169  9:08  Terran Vehicle Weapons Level 1  
  169  9:16  Marine x3  
  169  9:17  Marine  
  173  9:25  Siege Tank  
  173  9:26  Marauder x3  
  173  9:27  Supply Depot x2  
  182  9:34  Factory  
  182  9:37  Factory  
  180  9:40  Marine x2  
  180  9:41  Marine x2  
  180  9:43  Ghost Academy  
  184  9:47  Marauder x2  
  184  9:49  Marauder  
  189  9:58  Viking x2  
  192  10:01  Marine x4  
  196  10:08  Marauder x2  
  196  10:10  Sensor Tower  
  199  10:22  Refinery  
  199  10:25  Planetary Fortress  
  199  10:27  Factory Tech Lab x2  
  199  10:28  Marine, Siege Tank  
  194  10:29  Marine x3, SCV  
  194  10:30  SCV  
  177  10:53  Marine  
  177  10:54  Marine x3, Marauder x3  
  177  10:56  Siege Tank x2  
  149  11:00  SCV x3, Siege Tank  
  147  11:05  Viking x2  
  150  11:12  SCV, Terran Vehicle Weapons Level 2  
  150  11:13  SCV x2  
  153  11:24  SCV  
  154  11:29  Ghost  
  154  11:32  Ghost  
  154  11:33  Marine x3  
  154  11:34  Marine  
  154  11:35  Viking x2  
  154  11:36  SCV  
  154  11:37  SCV x2  
  165  11:43  Siege Tank  
  168  11:48  Command Center  
  168  11:50  Siege Tank  
  168  11:53  Siege Tank  
  174  12:02  Marine x2  
  174  12:03  Marine x2, Marauder  
  174  12:05  Medivac, Marauder  
  184  12:12  Missile Turret  
  182  12:16  Siege Tank  
  185  12:23  Barracks x2, Siege Tank  
  185  12:24  Barracks  
  167  12:30  Barracks Tech Lab  
  167  12:34  Marauder x2  
  167  12:35  Marine x3  
  134  12:40  Siege Tank  
  128  12:45  Medivac  
  128  12:49  Siege Tank  
  129  12:53  Marauder  
  129  12:54  Marine x3  
  129  12:55  Marine, Siege Tank  
  129  12:56  Marauder  
  140  13:00  Marauder  
  140  13:02  SCV x3  
  140  13:03  SCV  
  146  13:05  Planetary Fortress  
  146  13:11  Marine x4  
  146  13:12  Marine x3, Siege Tank  
  155  13:14  SCV x2  
  155  13:15  SCV x2, Marauder  
  155  13:17  Marauder  
  164  13:21  Marauder, Siege Tank  
  164  13:26  SCV  
  170  13:33  Barracks Tech Lab x2  
  169  13:35  Barracks Reactor  
  169  13:36  Marine, Marauder  
  169  13:37  Marine x2  
  169  13:38  Marauder  
  175  13:43  Marauder  
  175  13:48  SCV x2  
  175  13:50  Medivac, Siege Tank  
  175  13:52  SCV x2  
  175  13:53  SCV, Medivac  
  180  13:58  Marauder x2  
  180  13:59  Marine x4, Marauder  
  186  14:10  SCV x3  
  158  14:19  Marine, Marauder x2  
  158  14:20  Marine x6, Marauder x2  
  148  14:33  SCV x4  
  148  14:37  Marine x4  
  148  14:38  Marine  
  150  14:45  SCV  
Show
View Real Time Build Order
Export as new Build Order

IntoTheZoun Protoss - Winner!

Build Orders: 1 Gate Expand, Phoenix Opening, Colossus Rush 

Get SALT Encoding   

  12  0:00  Probe  
  13  0:12  Probe  
  14  0:17  Pylon  
  14  0:24  Probe (Chrono Boost)  
  15  0:36  Probe (Chrono Boost)  
  15  0:39  Gateway  
  16  0:43  Probe (Chrono Boost)  
  16  0:47  Assimilator  
  17  0:51  Probe  
  18  1:03  Probe  
  19  1:15  Probe  
  20  1:26  Cybernetics Core  
  20  1:34  Nexus  
  20  1:37  Probe  
  21  1:45  Pylon  
  21  1:49  Probe  
  21  1:53  Assimilator  
  22  2:00  Adept (Chrono Boost)  
  22  2:01  Probe  
  22  2:05  Warp Gate  
  25  2:14  Probe  
  26  2:27  Probe, Adept  
  29  2:35  Twilight Council  
  29  2:40  Probe (Chrono Boost)  
  30  2:47  Probe (Chrono Boost)  
  32  2:51  Stargate  
  32  2:52  Probe (Chrono Boost)  
  32  2:57  Probe (Chrono Boost), Stalker  
  35  2:59  Probe (Chrono Boost)  
  35  3:02  Probe (Chrono Boost)  
  37  3:10  Pylon  
  37  3:12  Probe (Chrono Boost)  
  38  3:14  Probe (Chrono Boost)  
  39  3:24  Probe (Chrono Boost)  
  39  3:25  Probe (Chrono Boost)  
  41  3:30  Probe  
  42  3:39  Probe  
  46  3:41  Gateway  
  46  3:43  Gateway  
  46  3:44  Phoenix (Chrono Boost)  
  46  3:45  Probe  
  46  3:54  Probe  
  46  3:55  Pylon  
  47  3:57  Robotics Facility  
  47  3:58  Probe  
  48  4:03  Phoenix (Chrono Boost), Assimilator  
  48  4:05  Assimilator  
  48  4:06  Probe  
  51  4:10  Adept  
  51  4:11  Probe  
  54  4:21  Phoenix (Chrono Boost)  
  56  4:24  Pylon  
  56  4:32  Probe x2  
  56  4:34  Sentry  
  60  4:38  Phoenix  
  62  4:46  Nexus, Observer  
  62  4:52  Probe x2, Pylon  
  65  5:01  Robotics Bay  
  65  5:07  Probe  
  65  5:13  Probe  
  67  5:16  Stalker x2  
  67  5:18  Pylon  
  67  5:20  Twilight Council  
  71  5:25  Observer  
  72  5:39  Probe x2  
  74  5:44  Extended Thermal Lance, Colossus (Chrono Boost)  
  80  5:51  Probe x2, Charge (Chrono Boost)  
  80  5:53  Gateway  
  80  5:55  Gateway  
  80  5:56  Gateway  
  82  5:58  Probe  
  82  6:03  Probe x2  
  85  6:10  Probe  
  86  6:15  Probe x2  
  88  6:19  Gateway  
  88  6:22  Probe, Gateway  
  88  6:26  Stalker x2  
  88  6:27  Probe x2  
  90  6:36  Colossus (Chrono Boost)  
  96  6:40  Observer  
  96  6:43  Probe x3  
  99  6:50  Pylon  
  99  6:52  Pylon  
  99  6:54  Observer  
  99  6:55  Pylon  
  99  6:56  Pylon  
  99  6:57  Probe, Shield Battery  
  100  7:06  Zealot  
  101  7:09  Probe  
  101  7:11  Zealot  
  101  7:12  Zealot x4  
  112  7:21  Pylon, Warp Prism  
  112  7:22  Pylon  
  114  7:25  Blink (Chrono Boost)  
  114  7:31  Observer  
  114  7:37  Sentry  
  114  7:38  Sentry  
  114  7:40  Zealot x3  
  114  7:41  Zealot x2  
  128  7:46  Pylon  
  128  7:47  Pylon  
  128  7:55  Zealot  
  130  7:58  Pylon  
  130  8:00  Pylon  
  130  8:05  Zealot x6  
  142  8:16  Nexus  
  142  8:19  Pylon  
  142  8:31  Zealot x7  
  156  8:35  Robotics Facility  
  156  8:39  Probe x3  
  159  8:43  Forge  
  159  8:45  Forge  
  159  8:50  Disruptor (Chrono Boost)  
  162  8:56  Probe x3  
  162  8:57  Templar Archives  
  165  9:08  Protoss Ground Weapons Level 1 (Chrono Boost), Protoss Ground Armor Level 1 (Chrono Boost)  
  165  9:11  Gateway x2  
  165  9:12  Gateway  
  165  9:14  Gateway  
  165  9:15  Probe x2  
  165  9:16  Probe  
  168  9:20  Disruptor (Chrono Boost)  
  174  9:28  Disruptor (Chrono Boost)  
  174  9:37  High Templar x4  
  174  9:38  Zealot x4  
  186  9:41  Archon x2  
  186  9:42  Assimilator  
  190  9:48  Probe  
  190  9:49  Probe x2  
  190  9:50  Photon Cannon  
  190  9:51  Shield Battery  
  193  9:59  Assimilator  
  191  10:01  Assimilator  
  191  10:03  Warp Prism  
  191  10:04  Stalker x3  
  183  10:38  Zealot x8  
  173  10:53  Zealot x3  
  135  11:00  Zealot x9  
  135  11:02  Protoss Ground Weapons Level 2 (Chrono Boost), Protoss Ground Armor Level 2 (Chrono Boost)  
  125  11:05  Disruptor x2 (Chrono Boost)  
  129  11:14  High Templar x2, Sentry  
  129  11:18  Archon, Nexus  
  135  11:22  Zealot  
  135  11:23  Zealot x8  
  153  11:32  Colossus (Chrono Boost)  
  153  11:37  Disruptor  
  162  11:43  Pylon  
  162  11:47  Assimilator  
  162  11:49  Stalker x3  
  162  11:51  Assimilator  
  160  12:12  Photon Cannon  
  160  12:13  Zealot x6, Shield Battery  
  160  12:14  Zealot x2  
  176  12:21  Colossus (Chrono Boost)  
  182  12:25  Colossus (Chrono Boost)  
  173  12:32  Photon Cannon, Stalker x4  
  173  12:33  Shield Battery  
  153  12:46  Zealot x4  
  153  12:47  Zealot  
  156  12:56  High Templar x2  
  158  13:00  Archon  
  158  13:07  Stalker x3  
  158  13:08  High Templar  
  158  13:09  High Templar, Zealot x2  
  158  13:12  Colossus (Chrono Boost)  
  172  13:14  Archon  
  178  13:22  Observer  
  178  13:23  Zealot x3  
  184  13:34  Disruptor  
  184  13:39  Zealot x5  
  193  13:49  Stalker x3  
  185  14:04  Zealot x5  
  161  14:17  Zealot x4  
  161  14:23  High Templar x2, Zealot  
  149  14:28  Archon  
  149  14:29  High Templar x2  
  149  14:30  High Templar x2  
  163  14:32  Zealot  
  163  14:34  Archon x2  
  165  14:39  Zealot x4  
  161  14:45  Zealot  
Tags
 
Add a new tag
Caveats
  • Supply blocks, unpowered buildings, or Contaminate may cause inaccurate times.
  • Supply counts are checked every 10 seconds.